 Dungeon Crawl Stone Soup version 0.20.1-1-g8b1a95d (webtiles) character file.

1575 Megalobster the Chopper (level 8, -4/74 HPs)
             Began as a Deep Dwarf Fighter on Aug 1, 2017.
             Slain by a troll (7 damage)
             ... on level 7 of the Dungeon.
             The game lasted 00:34:11 (5417 turns).

Megalobster the Chopper (Deep Dwarf Fighter)        Turns: 5417, Time: 00:34:12

Health: -4/74      AC: 13    Str: 25    XL:     8   Next: 60%
Magic:  10/10      EV: 11    Int:  8    God:
Gold:   143        SH: 15    Dex: 12    Spells: 7/7 levels left

rFire    . . .     SeeInvis .   a - +0 hand axe (venom)
rCold    . . .     Gourm    .   c - +0 shield
rNeg     . . .     Faith    .   Y - +4 ring mail of Fortification {Regen+ rCorr Slay+3}
rPois    +         Spirit   .   (no helmet)
rElec    .         Reflect  +   (no cloak)
rCorr    +         Harm     .   (no gloves)
MR       +....                  d - +0 pair of boots
Stlth    +.........             j - +5 amulet of reflection
Regen    0.0/turn               K - +3 ring of evasion (curse)
MPRegen  0.2/turn               O - ring of poison resistance

@: non-regenerating
A: damage resistance, heal wounds, slimy green scales 1, sense surroundings 1,
strong 1, no regeneration
a: Heal Wounds


You were on level 7 of the Dungeon.
You were not hungry.

You visited 1 branch of the dungeon, and saw 7 of its levels.

You collected 395 gold pieces.
You spent 252 gold pieces at shops.

Inventory:

Hand Weapons
 a - a +0 hand axe of venom (weapon)
 b - a +0 hunting sling
 y - a +0 hunting sling
 B - a +1 mace of holy wrath
 D - a +0 war axe
 L - a +0 shortbow
 S - the cursed +1 dagger of Supply {freeze, -Tele rPois rC++ Int+4}
   (You found it on level 6 of the Dungeon)

   It has been specially enchanted to freeze those struck by it, causing extra
   injury to most foes and up to half again as much damage against particularly
   susceptible opponents.
   It can also slow down cold-blooded creatures.
   It affects your intelligence (+4).
   It greatly protects you from cold.
   It protects you from poison.
   It prevents most forms of teleportation.
   It has a curse placed upon it.
 T - a +0 war axe
Missiles
 e - 213 stones (quivered)
 l - 68 sling bullets
 M - 38 arrows
Armour
 c - a +0 shield (worn)
 d - a +0 pair of boots (worn)
 h - the +0 pair of boots "Zeijutiss" {rC+ MR- Int+3 Dex+5}
   (You found it on level 7 of the Dungeon)

   It affects your intelligence (+3).
   It affects your dexterity (+5).
   It protects you from cold.
   It affects your resistance to hostile enchantments.
 v - a +0 ring mail
 x - a +0 scale mail
 A - a +0 chain mail
 R - a +0 plate armour
 Y - the +4 ring mail of Fortification (worn) {Regen+ rCorr Slay+3}
   (You found it on level 7 of the Dungeon)

   It affects your accuracy and damage with ranged weapons and melee attacks
   (+3).
   It increases your rate of regeneration.
   It protects you from acid and corrosion.
Magical Staves
 Z - an uncursed staff of fire {unknown}
Jewellery
 g - an uncursed amulet of the gourmand
 j - a +5 amulet of reflection (around neck)
 m - an uncursed amulet of faith
 G - an uncursed ring of flight
 H - an uncursed amulet of harm
 K - a cursed +3 ring of evasion (left hand)
 O - a ring of poison resistance (right hand)
Wands
 u - a wand of iceblast (2/15)
 E - a wand of random effects (38/48)
 U - a wand of flame (29/48)
 W - a wand of iceblast (9/15)
Scrolls
 i - 2 scrolls of fog
 n - a scroll of amnesia
 p - a scroll of enchant armour
 q - 2 scrolls of enchant weapon
 s - 5 scrolls of remove curse
 z - a scroll of magic mapping
 F - 4 scrolls of teleportation
 P - a scroll of recharging
Potions
 o - 2 potions of flight
 t - 2 potions of lignification
 w - 6 potions of brilliance
 J - 2 potions of curing
 Q - a potion of agility
Books
 N - a book of Debilitation

   Spells                             Type                      Level
   a - Corona                         Hexes                        1
   b - Slow                           Hexes                        2
   c - Inner Flame                    Hexes/Fire                   3
   d - Portal Projectile              Hexes/Translocation          3
   e - Cause Fear                     Hexes                        4
   f - Leda's Liquefaction            Hexes/Earth                  4
 V - a book of Flames

   Spells                             Type                      Level
   a - Flame Tongue                   Conjuration/Fire             1
   b - Throw Flame                    Conjuration/Fire             2
   c - Conjure Flame                  Conjuration/Fire             3
   d - Inner Flame                    Hexes/Fire                   3
   e - Sticky Flame                   Conjuration/Fire             4
   f - Fireball                       Conjuration/Fire             5
Comestibles
 f - 6 bread rations
 k - 5 meat rations
 r - 3 royal jellies
 C - 2 chunks of flesh
 I - 6 fruits


   Skills:
 + Level 5.0 Fighting
 * Level 7.9 Axes
 + Level 3.2 Slings
 + Level 6.4 Armour
 + Level 4.0 Shields
 + Level 3.0 Evocations


You had 7 spell levels left.
You didn't know any spells.

Dungeon Overview and Level Annotations

Branches:
Dungeon (7/15)
 Temple: D:4-7

Altars:
Dithmenos
Elyvilon
Kikubaaqudgha
Trog
Xom
The Shining One

Shops:
D:7 :((=


Innate Abilities, Weirdness & Mutations

You are resistant to damage.
You can heal yourself by infusing magical energy.
You passively map a small area around you.
You do not regenerate.
You are partially covered in slimy green scales. (AC +2)
Your muscles are strong. (Str +2)


Message History

The troll claws you!
* * * LOW HITPOINT WARNING * * *
You barely miss the troll.
The troll is heavily wounded.
You block the troll's attack. The troll barely misses you.
You block the troll's attack.
You hit the troll.
The troll is severely wounded.
You block the troll's attack. The troll claws you.
The troll claws you but does no damage.
You closely miss the troll.
The troll is severely wounded.
The troll bites you.
* * * LOW HITPOINT WARNING * * *
The troll claws you but does no damage. You block the troll's attack.
You slash the troll!
The troll is almost dead.
The troll closely misses you. You block the troll's attack.
The troll claws you!
You die...

* *#######.#.# #.###
..........#######.... *
##..............###.∩ ,
,
*,...####.#########*#.#
# ##, #.# ,, +.# ##.#
,* #.# ### #.# * .....
#.# #.# *#.. *
(.....####.#####.# #.#
(.....T@.........###
#.#
......########>###.#
#.# ,*..... #.###.###.#
####* * #.##.#.##.. *,
* #.(.###...÷ * ,*
#..#.#.#### ,,
#..##.#... *
#..##....., #.......#


You could see a troll.

Vanquished Creatures
  A hungry ghost (D:7)
  An ice beast (D:6)
  A sky beast (D:6)
  A black bear (D:7)
  3 ogres
  A centaur (D:5)
  2 bullfrogs (D:6)
  A scorpion (D:5)
  3 crimson imps
  A bullfrog zombie (D:5)
  A centaur skeleton (D:5)
  Terence (D:2)
  Natasha (thrice) (D:4)
  2 iguanas
  3 orc wizards
  A killer bee zombie (D:5)
  A hound zombie (D:5)
  A hound skeleton (D:4)
  A howler monkey zombie (D:5)
  11 adders
  A shadow imp (D:6)
  An ooze (D:5)
  3 adder skeletons
  A worm (D:4)
  2 dart slugs (D:1)
  3 leopard geckos
  16 orcs
  3 giant cockroaches
  9 goblins
  7 hobgoblins
  7 jackals (D:2)
  2 ball pythons
  7 bats
  5 frilled lizards
  3 kobolds (D:2)
  A leopard gecko skeleton (D:4)
  A quokka skeleton (D:5)
  4 rats
116 creatures vanquished.

Vanquished Creatures (others)
  An orc warrior (D:5)
  A gnoll sergeant (D:5)
  A howler monkey (D:5)
  2 orcs (D:5)
  A giant cockroach (D:5)
6 creatures vanquished.

Grand Total: 122 creatures vanquished

Notes
Turn   | Place    | Note
-------+----------+-------------------------------------------
     0 | D:1      | Megalobster the Deep Dwarf Fighter began the quest for the Orb.
     0 | D:1      | Reached XP level 1. HP: 20/20 MP: 1/1
   256 | D:1      | Reached XP level 2. HP: 27/27 MP: 2/2
   779 | D:2      | Reached skill level 3 in Axes
   779 | D:2      | Reached XP level 3. HP: 26/33 MP: 3/3
   904 | D:2      | Found a shadowy altar of Dithmenos.
  1106 | D:2      | Reached XP level 4. HP: 29/42 MP: 4/4
  1263 | D:2      | Found a bloodstained altar of Trog.
  1323 | D:2      | Noticed Terence
  1333 | D:2      | Killed Terence
  1722 | D:3      | Reached skill level 4 in Axes
  2087 | D:3      | Reached XP level 5. HP: 30/49 MP: 5/5
  2127 | D:3      | Found a white marble altar of Elyvilon.
  2460 | D:4      | Noticed Natasha
  2478 | D:4      | Killed Natasha
  2479 | D:4      | Gained mutation: You are partially covered in slimy green scales. (AC +2) [potion of mutation]
  2479 | D:4      | Gained mutation: Your muscles are strong. (Str +2) [potion of mutation]
  2753 | D:4      | Found a shimmering altar of Xom.
  2765 | D:4      | Noticed an ogre
  2780 | D:4      | Killed an ogre
  2780 | D:4      | Reached skill level 5 in Axes
  2780 | D:4      | Reached XP level 6. HP: 21/57 MP: 6/6
  2783 | D:4      | Noticed Natasha
  2789 | D:4      | Killed Natasha
  2802 | D:4      | Noticed Natasha
  2807 | D:4      | Killed Natasha
  2953 | D:4      | Reached skill level 5 in Armour
  3145 | D:5      | Entered Level 5 of the Dungeon
  3152 | D:5      | Killed an orc warrior
  3282 | D:5      | Reached XP level 7. HP: 37/64 MP: 7/7
  3318 | D:5      | Found an ancient bone altar of Kikubaaqudgha.
  3330 | D:5      | Reached skill level 6 in Axes
  3330 | D:5      | Reached skill level 1 in Slings
  3462 | D:5      | Found a shimmering altar of Xom.
  4198 | D:6      | Reached skill level 1 in Evocations
  4270 | D:6      | Reached skill level 7 in Axes
  4270 | D:6      | Reached XP level 8. HP: 27/73 MP: 9/9
  4461 | D:6      | Got a blackened dagger
  4641 | D:6      | Found a glowing golden altar of the Shining One.
  4770 | D:6      | HP: 1/73 [ogre/giant spiked club (9)]
  4969 | D:7      | Found Qiamicw's Jewellery Shop.
  4982 | D:7      | Bought a cursed +3 ring of evasion for 252 gold pieces
  5076 | D:7      | Reached skill level 5 in Fighting
  5090 | D:7      | Found Zuoki's Weapon Shop.
  5102 | D:7      | Found Seratt's Book Boutique.
  5147 | D:7      | Got a distressingly furry ring mail
  5158 | D:7      | Identified the +4 ring mail of Fortification {Regen+ rCorr Slay+3} (You found it on level 7 of the Dungeon)
  5329 | D:7      | Found Hagaiqan's Antique Weapon Shop.
  5339 | D:7      | Identified the cursed +1 dagger of Supply {freeze, -Tele rPois rC++ Int+4} (You found it on level 6 of the Dungeon)
  5360 | D:7      | Got a pair of brightly glowing boots
  5371 | D:7      | Identified the +0 pair of boots "Zeijutiss" {rC+ MR- Int+3 Dex+5} (You found it on level 7 of the Dungeon)
  5403 | D:7      | Noticed a troll
  5416 | D:7      | HP: 3/74 [troll (5)]
  5417 | D:7      | Slain by a troll

Skill      XL: |  1  2  3  4  5  6  7  8 |
---------------+-------------------------+-----
Axes           | 3 4 5 7 |  7.9
Fighting       | 3 4 5 |  5.0
Armour         | 4 5 6 |  6.4
Slings         | 2 3 |  3.2
Evocations     | 1 3 |  3.0
Shields        | 4 |  4.0

Action                   |  1- 3 |  4- 6 |  7- 9 || total
-------------------------+-------+-------+-------++-------
Melee: War axe           |   119 |    13 |       ||   132
       Hand axe          |       |   160 |   208 ||   368
 Fire: Hunting sling     |     3 |     2 |       ||     5
Throw: Stone             |    31 |    49 |     9 ||    89
       Tomahawk          |       |    12 |    27 ||    39
  Use: Potion            |     1 |     8 |     1 ||    10
       Scroll            |       |     7 |     4 ||    11
  Eat: Chunk             |     8 |    16 |     1 ||    25
       Bread ration      |       |       |     1 ||     1
Armor: Scale mail        |    70 |    57 |     2 ||   129
       Skin              |       |     9 |       ||     9
       Chain mail        |       |       |    57 ||    57
       Ring mail         |       |       |     8 ||     8
Dodge: Dodged            |    35 |    37 |    36 ||   108
Block: Shield            |   102 |    86 |   136 ||   324
       Reflection        |       |       |     2 ||     2
